 Dungeon Crawl Stone Soup version 0.27.1 (webtiles) character file.

Game seed: 13495915729035341759

98 Ishikawa the Skirmisher (level 4, -11/35 HPs)
             Began as a Demonspawn Fighter on Aug 24, 2021.
             Killed by divine providence
             ... invoked by an orc priest
              (14 damage)
             ... on level 2 of the Dungeon.
             The game lasted 00:02:23 (1955 turns).

Ishikawa the Skirmisher (Demonspawn Fighter)        Turns: 1955, Time: 00:02:24

Health: -11/35     AC:  6    Str: 16    XL:     4   Next: 43%
Magic:  4/4        EV:  7    Int: 11    God:
Gold:   31         SH:  9    Dex: 12    Spells: 3/3 levels left

rFire    . . .     SeeInvis .   a - +0 long sword
rCold    . . .     Faith    .   c - +0 kite shield
rNeg     . . .     Spirit   .   b - +0 scale mail
rPois    .         Reflect  .   (helmet restricted)
rElec    .         Harm     .   (no cloak)
rCorr    .         Rampage  .   (no gloves)
Will     .....                  (no boots)
Stlth    ..........             (no amulet)
HPRegen  0.11/turn              (no ring)
MPRegen  0.09/turn              (no ring)

@: no status effects
A: antennae 2
a: no special abilities


You were on level 2 of the Dungeon.
You visited 1 branch of the dungeon, and saw 2 of its levels.

You collected 31 gold pieces.

Inventory:

Hand Weapons
 a - a +0 long sword (weapon)
Armour
 b - a +0 scale mail (worn)
 c - a +0 kite shield (worn)
Scrolls
 e - a scroll of silence {unknown}
 f - a scroll of teleportation {unknown}
 i - a scroll of identify {unknown}
 j - a scroll of torment {unknown}
 k - a scroll of vulnerability {unknown}
 l - a scroll of noise {unknown}
Potions
 d - 2 potions of might
 g - a potion of degeneration {unknown}
 h - a potion of heal wounds {unknown}


   Skills:
 * Level 3.3 Fighting
 * Level 2.6 Long Blades
 * Level 3.2 Armour
 * Level 0.8 Dodging
 * Level 0.8 Stealth
 * Level 3.2 Shields


You had 3 spell levels left.
You didn't know any spells.
Your spell library was empty.

Dungeon Overview and Level Annotations

Branches:
Dungeon (2/15)

Altars:


Innate Abilities, Weirdness & Mutations

You have a pair of antennae on your head.


Message History

The jackal bites you but does no damage.
You hit the jackal.
The jackal is moderately wounded.
You block the jackal's attack. The jackal closely misses you.
You hit the jackal.
The jackal is severely wounded.
The jackal bites you but does no damage. x2
You hit the jackal but do no damage.
The jackal is severely wounded.
The jackal bites you but does no damage.
The orc priest looks satisfied for a moment.
The jackal bites you but does no damage.
You slash the jackal!
You kill the jackal!
The jackal barely misses you.
You slash the jackal!
You kill the jackal!
The jackal barely misses you.
You riposte.
You closely miss the jackal. You slash the jackal!
You kill the jackal!
The orc barely misses you.
The orc priest calls down the wrath of Beogh upon you.
Beogh smites you!
You closely miss the orc. You block the orc's attack. x2
You barely miss the orc. The orc hits you with a +0 flail.
You slash the orc!
You kill the orc!
The orc priest invokes the aid of Beogh against you.
Pain shoots through your body!
* * * LOW HITPOINT WARNING * * *
You block the orc priest's attack.
Things that are here:
a +0 flail; a +0 leather armour; an orc corpse You hit the orc priest.
The orc priest is moderately wounded.
You hit the orc priest but do no damage.
The orc priest is moderately wounded.
The orc priest calls down the wrath of Beogh upon you.
Beogh smites you!
You die...

### #.# . #.. ####.# .##
#.# #..... >. #.# #.###.
#.####.#########.# #.
######.............##.# #.
#.......# #†# #.##.# #.
#......(###o# #.##.# #.
#........@oo# #.##.##..
#.......####### #.##.##..
#.............####.##.##..
###......(.......)........
#####.####.####..######.
#.# #.# #..# #. #.# #.#
#..# #. #.####.####..# ##
#....).......# #


You could see an orc priest and 2 orcs.

Vanquished Creatures
  Jessica (D:2)
  2 adders (D:2)
  A worm (D:2)
  4 dart slugs
  An orc (D:2)
  A bat (D:1)
  An endoplasm (D:1)
  8 giant cockroaches (D:2)
  5 goblins (D:2)
  2 hobgoblins
  6 jackals
  2 frilled lizards
  3 rats
37 creatures vanquished.

Notes
Turn   | Place    | Note
-------+----------+-------------------------------------------
     0 | D:1      | Ishikawa the Demonspawn Fighter began the quest for the
                  | Orb.
     0 | D:1      | Reached XP level 1. HP: 18/18 MP: 1/1
   521 | D:1      | Found a faded altar of an unknown god.
   526 | D:1      | Gained mutation: You have a pair of small antennae on your
                  | head. [demonic ancestry]
   526 | D:1      | Reached XP level 2. HP: 24/24 MP: 2/2
  1213 | D:2      | Gained mutation: You have a pair of antennae on your head.
                  | [demonic ancestry]
  1213 | D:2      | Reached XP level 3. HP: 27/29 MP: 3/3
  1609 | D:2      | Noticed Jessica
  1615 | D:2      | Killed Jessica
  1616 | D:2      | Reached XP level 4. HP: 20/35 MP: 4/4
  1955 | D:2      | Killed from afar by an orc priest

Illustrated notes

Levels and vault maps discovered:
D:1:      denvon_arrival_hothouse, layout_basic, basic_ecumenical_altar
D:2:      minmay_roachtagon, layout_loops_ring, uniq_jessica

Skill      XL: |  1  2 |
---------------+-------+-----
Armour         | 3 |  3.2
Shields        | 3 |  3.2
Long Blades    | 2 |  2.6
Fighting       | |  3.3
Dodging        | |  0.8
Stealth        | |  0.8

Action                   |  1- 3 |  4- 6 || total
-------------------------+-------+-------++-------
Melee: Long sword        |    88 |    27 ||   115
Armor: Scale mail        |    54 |    10 ||    64
Dodge: Dodged            |    22 |    11 ||    33
Block: Kite shield       |    38 |    10 ||    48
       Rpst.: Long sword |     8 |     5 ||    13
